 Dungeon Sprint DCSS version 0.31-a0-18-gea43df2a32 (webtiles) character file.

Game seed: 4850169216768039337

648 bmack86 the Protected (level 7, 0/73 HPs)
             Began as a Minotaur Fighter on May 10, 2023.
             Was an Initiate of Okawaru.
             Slain by Sonja
             ... wielding a +2 short sword of venom
              (1 damage)
             ... in the Dungeon (Sprint I: "Red Sonja").
             The game lasted 00:02:22 (227 turns).

bmack86 the Protected (Minotaur Fighter)             Turns: 227, Time: 00:02:22

Health: 0/73       AC:  8    Str: 23    XL:     7   Next: 27%
Magic:  6/6        EV:  9    Int:  5    God:    Okawaru [......]
Gold:   297        SH:  6    Dex:  9    Spells: 6/6 levels left

rFire   . . .        a - +0 war axe
rCold   . . .        c - +0 buckler
rNeg    . . .        b - +0 scale mail
rPois   .            (helmet restricted)
rElec   .            (no cloak)
rCorr   .            (no gloves)
SInv    .            (no boots)
Will    .....        (no amulet) Stlth
                     (no ring)
HPRegen 0.32/turn    (no ring)
MPRegen 0.10/turn

%: no teleportation
@: lethally poisoned (0 -> -74), on berserk cooldown, slowed, very slow
A: horns 2, retaliatory headbutt
a: Renounce Religion


You were in the Dungeon.
You worshipped Okawaru.
Okawaru was noncommittal.
You visited 1 branch You collected 297 gold pieces.

Inventory:

Hand Weapons
 a - a +0 war axe (weapon)
Armour
 b - a +0 scale mail (worn)
 c - a +0 buckler (worn)
Wands
 d - a wand of iceblast (9) (quivered)
Scrolls
 j - a scroll of blinking
 k - a scroll of fog {unknown}
Potions
 e - a potion of curing
 f - a potion of heal wounds
 g - a potion of mutation {unknown}
 h - 2 potions of magic


   Skills:
 + Level 10.7 Fighting
 + Level 8.0 Axes
 + Level 10.8 Armour
 + Level 0.1 Dodging
 + Level 10.5 Shields


You had 6 spell levels left.
You didn't know any spells.
Your spell library was empty.

Dungeon Overview and Level Annotations

Branches:
Dungeon (1/1)

Altars:
Cheibriados
Dithmenos
Elyvilon
Fedhas
Gozag
Hepliaklqana
Kikubaaqudgha
Makhleb
Nemelex Xobeh
Okawaru
Qazlal
Ru
Sif Muna
Trog
Uskayaw
Vehumet
Wu Jian
Xom
Yredelemnul
Zin
The Shining One
Jiyva
Lugonu

Shops:
D *

Annotations:
D Sonja


Innate Abilities, Weirdness & Mutations

You have a pair of horns on your head.
You reflexively headbutt those who attack you in melee.


Message History

You are exhausted.
You feel as though you will be slow longer.
You feel very sick.
Sonja mumbles some strange words.
Sonja blinks!
You feel extremely sick.
You feel very sick.
You feel very sick.
There is an open door here.
You feel sick.
Sonja hits you with a +2 short sword of venom.
Sonja closely misses you.
Sonja hits you with a +2 short sword of venom.
You are more poisoned.
Sonja barely misses you. You furiously retaliate!
You headbutt Sonja!
Sonja hits you with a +2 short sword of venom.
Sonja hits you but does no damage.
You are more poisoned.
You completely miss Sonja.
Sonja is moderately wounded.
* * * LOW HITPOINT WARNING * * *
You feel extremely sick.
Sonja hits you with a +2 short sword of venom!
* * * LOW HITPOINT WARNING * * *
You are more poisoned.
Sonja hits you with a +2 short sword of venom.
* * * LOW HITPOINT WARNING * * *
You are more poisoned.
Sonja hits you but does no damage.
You are more poisoned.
Sonja completely misses you.
Sonja hits you with a +2 short sword of venom.
* * * LOW HITPOINT WARNING * * *
You are more poisoned.
You block Sonja's attack.
Sonja hits you with a +2 short sword of venom.
* * * LOW HITPOINT WARNING * * *
You are more poisoned.
Sonja hits you with a +2 short sword of venom.
You die...

###################
#<.#..').#..'..#__#
#..').#..').#..'..+
#..#####'#####'#__#
#..####..#...#.####
#..#__####..##.#
#..#_____##'#_.+
#⌠⌠#_.∩...'..._#
####_..__##K@#+#
#_____###'#
#########.## +$.$+
#$.$# ##.## #+#


You could see Sonja.

Vanquished Creatures
  A slime creature (D)
  Sigmund (D)
  A yak (D)
  An ogre (D)
  A jelly (D)
  Ijyb (D)
6 creatures vanquished.

Notes
Turn   | Place    | Note
-------+----------+-------------------------------------------
     0 | D        | bmack86 the Minotaur Fighter began the quest for the Orb.
     0 | D        | Reached XP level 1. HP: 19/19 MP: 0/0
     4 | D        | Noticed Ijyb
    10 | D        | Killed Ijyb
    11 | D        | Reached skill level 5 in Fighting
    11 | D        | Reached skill level 5 in Armour
    11 | D        | Reached skill level 5 in Shields
    11 | D        | Reached XP level 2. HP: 29/29 MP: 1/1
    15 | D        | Noticed an ogre
    19 | D        | Killed an ogre
    20 | D        | Reached XP level 3. HP: 12/39 MP: 2/2
    20 | D        | Reached XP level 4. HP: 15/47 MP: 3/3
    32 | D        | Noticed Sigmund
    45 | D        | Killed Sigmund
    46 | D        | Reached skill level 5 in Axes
    46 | D        | Reached XP level 5. HP: 44/57 MP: 4/4
    46 | D        | Reached XP level 6. HP: 49/63 MP: 5/5
    60 | D        | Found a burning altar of Makhleb.
    60 | D        | Found a viscous altar of Jiyva.
    60 | D        | Found a shimmering altar of Xom.
    60 | D        | Found a corrupted altar of Lugonu.
    60 | D        | Noticed a slime creature
    65 | D        | Killed a slime creature
    66 | D        | Reached skill level 10 in Fighting
    66 | D        | Reached skill level 10 in Armour
    66 | D        | Reached skill level 10 in Shields
    73 | D        | Found an ornate altar of the Wu Jian Council.
    73 | D        | Found a shimmering blue altar of Sif Muna.
    75 | D        | Found a radiant altar of Vehumet.
   188 | D        | Found Kaxeeb's General Store.
   188 | D        | Found an ancient bone altar of Kikubaaqudgha.
   188 | D        | Found a hazy altar of Hepliaklqana.
   188 | D        | Found a stormy altar of Qazlal.
   188 | D        | Found a hide-covered altar of Uskayaw.
   188 | D        | Found a blossoming altar of Fedhas.
   188 | D        | Found a bloodstained altar of Trog.
   188 | D        | Found an iron altar of Okawaru.
   188 | D        | Found a basalt altar of Yredelemnul.
   188 | D        | Found a glowing golden altar of the Shining One.
   188 | D        | Found a snail-covered altar of Cheibriados.
   188 | D        | Found a sacrificial altar of Ru.
   188 | D        | Found a glowing silver altar of Zin.
   188 | D        | Found a shadowy altar of Dithmenos.
   188 | D        | Found a white marble altar of Elyvilon.
   188 | D        | Noticed a yak
   194 | D        | Killed a yak
   195 | D        | Reached XP level 7. HP: 65/73 MP: 6/6
   195 | D        | Found an opulent altar of Gozag.
   196 | D        | Found a sparkling altar of Nemelex Xobeh.
   202 | D        | Became a worshipper of Warmaster Okawaru
   214 | D        | Noticed Sonja
   227 | D        | HP: 2/73 [Sonja/+2 short sword of venom (5)]
   227 | D        | Slain by Sonja

Illustrated notes

Levels and vault maps discovered:
D:        dungeon_sprint_1 [red_sonja_temple_1, red_sonja_temple_small_1]

Skill      XL: |  1  2  3  4  5  6 |
---------------+-------------------+-----
Fighting       | 5 7 9 10 | 10.7
Axes           | 3 4 5 8 |  8.0
Armour         | 5 7 8 10 | 10.8
Shields        | 5 7 8 10 | 10.5
Dodging        | |  0.1

Action                     |  1- 3 |  4- 6 |  7- 9 || total
---------------------------+-------+-------+-------++-------
  Melee: War axe           |     8 |    24 |     4 ||    36
         Headbutt          |     1 |     3 |       ||     4
    Use: Potion            |     2 |     1 |     1 ||     4
 Armour: Scale mail        |     3 |     5 |     2 ||    10
  Dodge: Dodged            |       |     2 |     9 ||    11
  Block: Buckler           |     1 |     6 |     3 ||    10

Table legend: (Time is in decaauts)
 A = Elapsed time spent in this place.
 B = Non-inter-level travel time spent in this place.
 C = Inter-level travel time spent in this place.
 D = Time resting spent in this place.
 E = Time spent auto-exploring this place.
 F = Levels seen in this place.
 G = Mean time per level.
                   A        B        C        D        E       F      G
               +--------+--------+--------+--------+--------+-----+--------+
         Total |    217 |    217 |      0 |     81 |      0 |   1 |  217.0 |
       Dungeon |    217 |    217 |      0 |     81 |      0 |   1 |  217.0 |
               +--------+--------+--------+--------+--------+-----+--------+

Top non-repeatable levels by time:
       D: 217 daAuts
